 Dungeon Crawl Stone Soup version 0.25.1-2-g60ff931df9 (webtiles) character file.

Game seed: 10471486729722816005

1935 gruber the Frost Mage (level 8, -10/41 HPs)
             Began as a Deep Elf Ice Elementalist on Nov 3, 2020.
             Was a Follower of Vehumet.
             Killed from afar by Maggie (23 damage)
             ... with a bolt of fire
             ... on level 6 of the Dungeon.
             The game lasted 00:12:20 (6693 turns).

gruber the Frost Mage (Deep Elf Ice Elementalist)   Turns: 6693, Time: 00:12:22

Health: -10/41     AC: 10    Str:  5    XL:     8   Next: 97%
Magic:  5/17       EV: 13    Int: 23    God:    Vehumet [*.....]
Gold:   105        SH:  0    Dex: 15    Spells: 5/17 levels left

rFire    . . .     SeeInvis +   y - +0 war axe (curse)
rCold    . . .     Gourm    .   (no shield)
rNeg     . . .     Faith    .   g - +0 robe (curse)
rPois    .         Spirit   .   (no helmet)
rElec    .         Reflect  .   C - +0 cloak (curse)
rCorr    .         Harm     .   z - +2 pair of gloves
MR       .....                  (no boots)
Stlth    ++........             q - amulet of magic regeneration
HPRegen  0.13/turn              s - ring of see invisible
MPRegen  0.40/turn              u - +4 ring of protection

@: frozen ramparts, mesmerised, studying Shields
A: no striking features
a: Renounce Religion


You were on level 6 of the Dungeon.
You worshipped Vehumet.
Vehumet was aware of your devotion.
You were not hungry.

You visited 1 branch of the dungeon, and saw 6 of its levels.

You collected 328 gold pieces.
You spent 223 gold pieces at shops.

Inventory:

Hand Weapons
 y - a cursed +0 war axe (weapon)
Armour
 g - a cursed +0 robe (worn)
 z - a +2 pair of gloves (worn)
 C - a cursed +0 cloak (worn)
Jewellery
 q - an amulet of magic regeneration (around neck)
 s - a ring of see invisible (left hand)
 u - a +4 ring of protection (right hand)
 x - an uncursed ring of fire
Wands
 l - a wand of iceblast (8)
Scrolls
 a - a scroll of identify
 b - 2 scrolls of immolation {unknown}
 e - 3 scrolls of teleportation {unknown}
 f - 3 scrolls of fog {unknown}
 i - 2 scrolls of enchant armour {unknown}
 j - 3 scrolls of remove curse {unknown}
 o - 3 scrolls of magic mapping {unknown}
 v - a scroll of torment {unknown}
 B - a scroll of acquirement {unknown}
Potions
 d - a potion of ambrosia {unknown}
 h - 2 potions of lignification
 k - a potion of stabbing
 m - 2 potions of might
 n - 6 potions of curing
 p - a potion of flight {unknown}
 r - a potion of heal wounds {unknown}
 w - a potion of brilliance
Books
 t - a manual of Shields
Comestibles
 c - 8 rations


   Skills:
 - Level 0.6 Axes
 - Level 2.4 Dodging
 - Level 2.4 Stealth
 * Level 5.0 Spellcasting
 - Level 6.2 Conjurations
 - Level 5.0 Summonings
 - Level 10.0 Ice Magic


You had 5 spell levels left.
You knew the following spells:

 Your Spells              Type           Power        Failure   Level  Hunger
a - Freeze                Ice            ####         1%          1    None
b - Frozen Ramparts       Ice            ######       1%          3    ##.....
c - Hailstorm             Conj/Ice       #####...     3%          4    ####...
d - Summon Ice Beast      Ice/Summ       #####...     4%          4    ####...

Your spell library contained the following spells:

 Spells                   Type           Power        Failure   Level  Hunger
 Magic Dart               Conj           ####         1%          1    None
 Summon Small Mammal      Summ           ####         1%          1    None
 Ozocubu's Armour         Chrm/Ice       ####....     3%          3    ##.....
 Animate Skeleton         Necr           N/A          10%         1    None
 Apportation              Tloc           #.....       10%         1    None
 Corona                   Hex            #......      10%         1    None
 Summon Lightning Spire   Summ/Air       ###.....     32%         4    ####...
 Silence                  Hex/Air        #.........   95%         5    #####..
 Conjure Ball Lightning   Conj/Air       ###.......   99%         6    #######
 Tornado                  Air            #.........   100%        9    #######


Dungeon Overview and Level Annotations

Branches:
Dungeon (6/15)             Temple (0/1) D:6

Altars:
Ashenzari
Dithmenos
Elyvilon
Gozag
Hepliaklqana
Okawaru
Qazlal
Ru
Vehumet
The Shining One

Shops:
D:5 **[?

Annotations:
D:6 Maggie


Message History

Maggie is severely wounded.
The wall freezes Maggie.
Maggie mumbles some strange words.
Maggie draws you further into her thrall.
Your ice beast hits Maggie but does no damage.
Unknown command.
Unknown command.
Unknown command.
Casting: Freeze (safe; 1% risk of failure)
Confirm with . or Enter, or press ? or * to list all spells.
Aiming: Freeze (safe; 1% risk of failure)
Press: ? - help, Shift-Dir - straight line, f/p - Maggie
Aim: Maggie, wielding a +1 vorpal war axe and wearing +0 swamp dragon scales (almost dead, mesmerising, fast)
You freeze Maggie.
Maggie is almost dead.
The wall freezes Maggie.
Maggie gestures at you while chanting. The bolt of fire hits you!!
Ouch! That really hurt!
You die...

..#
#.......)...)..............
#.#
#.#######.##.############.#
#.# # #.##<# ### #.. #.##.#
# #... #.##.# # #.###
#.##.# # #.#
#.##.############## #.#
######.##...............
..#
......Y@Y..#############
#.# ######@###.# # ..# #.
..# # ### ## #>.# # #..#
#### #..# .... #### #### #
### #


You could see Maggie (mesmerising, fast) and 2 friendly ice beasts.

Vanquished Creatures
  Sigmund (D:3)
  A water moccasin (D:6)
  A sky beast (D:5)
  An orc warrior (D:6)
  An ogre (D:4)
  3 centaurs
  A big kobold (D:6)
  4 bullfrogs
  A nameless horror (D:4)
  3 crimson imps
  4 orc priests
  2 hounds (D:6)
  2 jellies
  5 orc wizards
  Natasha (thrice) (D:3)
  2 worker ants (D:4)
  A howler monkey zombie (D:4)
  9 adders
  2 shadow imps
  An ooze (D:2)
  An adder zombie (D:6)
  An adder skeleton (D:6)
  4 worms
  A dart slug (D:1)
  2 leopard geckos
  11 orcs
  8 bats
  4 giant cockroaches
  3 hobgoblins
  17 jackals
  A quokka (D:4)
  2 ball pythons
  3 frilled lizards
  6 goblins
  7 kobolds
  8 rats
127 creatures vanquished.

Vanquished Creatures (collateral kills)
  A centaur skeleton (D:5)
  An ooze (D:4)
2 creatures vanquished.

Grand Total: 129 creatures vanquished

Notes
Turn   | Place    | Note
-------+----------+-------------------------------------------
     0 | D:1      | gruber the Deep Elf Ice Elementalist began the quest for
                  | the Orb.
     0 | D:1      | Reached XP level 1. HP: 10/10 MP: 6/6
   199 | D:1      | Reached XP level 2. HP: 15/15 MP: 6/8
   382 | D:1      | Reached skill level 5 in Ice Magic
  1031 | D:2      | Reached XP level 3. HP: 5/19 MP: 5/10
  1226 | D:2      | Learned a level 3 spell: Frozen Ramparts
  1400 | D:2      | Reached XP level 4. HP: 19/24 MP: 2/12
  1756 | D:2      | Found a faded altar of an unknown god.
  1846 | D:2      | Reached skill level 6 in Ice Magic
  2096 | D:3      | Found a white marble altar of Elyvilon.
  2214 | D:3      | Noticed Sigmund
  2229 | D:3      | Killed Sigmund
  2229 | D:3      | Reached skill level 7 in Ice Magic
  2229 | D:3      | Reached XP level 5. HP: 21/28 MP: 8/13
  2229 | D:3      | Reached XP level 6. HP: 24/32 MP: 8/14
  2355 | D:3      | Found a sacrificial altar of Ru.
  2388 | D:3      | Found a shadowy altar of Dithmenos.
  2448 | D:3      | Reached skill level 8 in Ice Magic
  2570 | D:3      | Noticed Natasha
  2577 | D:3      | Killed Natasha
  2704 | D:3      | Noticed Natasha
  2707 | D:3      | Killed Natasha
  2719 | D:3      | Noticed Natasha
  2724 | D:3      | Killed Natasha
  2857 | D:4      | Found an iron altar of Okawaru.
  2909 | D:4      | Found an opulent altar of Gozag.
  3298 | D:3      | Learned a level 4 spell: Hailstorm
  3303 | D:3      | Learned a level 4 spell: Summon Ice Beast
  3483 | D:4      | Reached skill level 9 in Ice Magic
  3483 | D:4      | Reached XP level 7. HP: 36/36 MP: 12/15
  4348 | D:4      | Found a stormy altar of Qazlal.
  4351 | D:4      | Found a radiant altar of Vehumet.
  4354 | D:4      | Found a hazy altar of Hepliaklqana.
  4360 | D:4      | Became a worshipper of Vehumet
  4366 | D:4      | Found a shattered altar of Ashenzari.
  4469 | D:5      | Entered Level 5 of the Dungeon
  4562 | D:5      | Found a hazy altar of Hepliaklqana.
  4572 | D:5      | Reached skill level 10 in Ice Magic
  4578 | D:5      | Reached skill level 1 in Summonings
  4732 | D:5      | Found Qok Ecuha's General Store.
  4882 | D:5      | Reached XP level 8. HP: 41/41 MP: 9/16
  4908 | D:5      | Found Ysyeclex's General Store.
  5039 | D:5      | Found Buos Zun's Antique Armour Boutique.
  5045 | D:5      | Bought a pair of glowing gloves for 195 gold pieces
  5115 | D:5      | Found Duexyir's Magic Scroll Boutique.
  5121 | D:5      | Bought a scroll of identify for 28 gold pieces
  5168 | D:5      | Found a glowing golden altar of the Shining One.
  5301 | D:6      | Reached skill level 1 in Conjurations
  5312 | D:6      | Reached skill level 5 in Summonings
  5581 | D:6      | Reached * piety under Vehumet
  5581 | D:6      | Offered knowledge of Magic Dart by Vehumet.
  5581 | D:6      | Reached skill level 5 in Conjurations
  5890 | D:6      | Found a staircase to the Ecumenical Temple.
  6455 | D:6      | Found a stormy altar of Qazlal.
  6493 | D:6      | Reached skill level 5 in Spellcasting
  6687 | D:6      | Noticed Maggie
  6693 | D:6      | Killed from afar by Maggie

Illustrated notes

Levels and vault maps discovered:
D:1:      dpeg_arrival_more_subterranean_lakeside_camping, layout_basic
D:2:      layout_loops_ring, chequers_ecumenical_altar_simple_redux
D:3:      layout_rooms, elyvilon_altar_5, grunt_temple_overflow_open,
          uniq_natasha, uniq_sigmund
D:4:      layout_cave_pools, nicolae_gozag_cash_rules_everything_around_me,
          grunt_temple_overflow_cloverleaf, overflow_temple_1_default,
          first_ration, minmay_manual_mandibuliform
D:5:      minmay_spotlight, layout_loops_cross, basic_altar, serial_shops, shop,
          nicolae_shop_statue_plus, nicolae_shop_competitors_out_of_business,
          nicolae_shop_crystal, minivault_27, tso_altar
D:6:      layout_loops_ring, minmay_temple_entry_grid, grunt_qazlal_sundering,
          uniq_crazy_yiuf_cottage, uniq_eustachio, uniq_maggie

Skill      XL: |  1  2  3  4  5  6  7  8 |
---------------+-------------------------+-----
Ice Magic      | 5 7 9 10 | 10.0
Spellcasting   | 4 5 |  5.0
Summonings     | 3 5 |  5.0
Conjurations   | 6 |  6.2
Axes           | |  0.6
Dodging        | |  2.4
Stealth        | |  2.4

Action                   |  1- 3 |  4- 6 |  7- 9 || total
-------------------------+-------+-------+-------++-------
Melee: Unarmed           |     6 |    21 |    28 ||    55
       War axe           |       |       |    44 ||    44
 Cast: Freeze            |    43 |    29 |    25 ||    97
       Frozen Ramparts   |     3 |    19 |    27 ||    49
       Summon Ice Beast  |       |     1 |     7 ||     8
       Hailstorm         |       |       |     9 ||     9
Evoke: Wand              |       |       |     2 ||     2
  Use: Potion            |     2 |       |       ||     2
       Scroll            |       |       |     3 ||     3
  Eat: Chunk             |     1 |     8 |    11 ||    20
       Ration            |       |       |     1 ||     1
Armor: Robe              |     9 |    13 |    40 ||    62
Dodge: Dodged            |    35 |    34 |    65 ||   134
